 Dungeon Crawl Stone Soup version 0.19-a0-1251-gd6e46da (webtiles) character file.

26130 PurpleRed the Destroyer (level 12, -10/67 HPs)
             Began as a Deep Elf Conjurer on Aug 27, 2016.
             Was a High Priest of Vehumet.
             Hit by a large rock thrown by a stone giant (52 damage)
             ... on level 1 of the Orcish Mines.
             The game lasted 01:20:58 (6632 turns).

PurpleRed the Destroyer (Deep Elf Conjurer)         Turns: 6632, Time: 01:20:59

Health: -10/67     AC:  7    Str: 11    XL:     12   Next: 95%
Magic:  22/47      EV: 17    Int: 26    God:    Vehumet [*****.]
Gold:   495        SH:  0    Dex: 18    Spells: 5 memorised, 25 levels left

rFire  . . .     SeeInvis .     O - staff of power
rCold  . . .     Gourm    .     N - troll hide
rNeg   . . .     Faith    .     (no shield)
rPois  .         Spirit   .     (no helmet)
rElec  .         Dismiss  .     k - +0 cloak of Goodbye, My Love {Str+6 Dex+3 Stlth+}
rCorr  .         Reflect  .     a - +0 pair of gloves
MR     +....     Harm     .     V - +2 pair of boots
Stlth  +++....... Clarity  +    (no amulet)
                                v - +3 ring of evasion
                                q - ring of wizardry

@: no status effects
A: clarity
a: Renounce Religion


You were on level 1 of the Orcish Mines.
You worshipped Vehumet.
Vehumet was extremely pleased with you.
You were not hungry.

You visited 4 branches of the dungeon, and saw 23 of its levels.

You collected 990 gold pieces.
You spent 495 gold pieces at shops.

Inventory:

Hand Weapons
 g - a +2 flail of protection
 r - a +2 falchion of flaming
Missiles
 d - 4 curare-tipped needles
 I - 7 javelins of penetration (quivered)
Armour
 a - a +0 pair of gloves (worn)
 k - the +0 cloak of Goodbye, My Love (worn) {Str+6 Dex+3 Stlth+}
   (You found it on level 7 of the Dungeon)

   It affects your strength (+6).
   It affects your dexterity (+3).
   It makes you more stealthy.
 o - a +1 robe of positive energy
 w - a +2 robe of cold resistance
 N - a troll hide (worn)
 R - the +4 robe of Foakent {rElec Regen+ Int-5 SInv}
   (You found it on level 4 of the Lair of Beasts)

   It affects your intelligence (-5).
   It insulates you from electricity.
   It lets you see invisible.
   It increases your rate of regeneration.
 V - a +2 pair of boots (worn)
Magical Staves
 n - an uncursed staff of poison
 O - an uncursed staff of power (weapon)
Jewellery
 i - an uncursed ring of poison resistance
 q - a ring of wizardry (left hand)
 v - a +3 ring of evasion (right hand)
Wands
 E - a wand of disintegration (4/24)
 G - a wand of enslavement (9/24)
 L - a wand of polymorph (4/24)
Scrolls
 f - 4 scrolls of amnesia
 h - a scroll of remove curse
 l - a scroll of magic mapping
 D - a scroll of holy word
 J - a scroll of identify
 K - a scroll of enchant weapon
 M - 5 scrolls of recharging
 U - a scroll of fog
Potions
 t - a potion of brilliance
 u - a potion of invisibility
 z - a potion of agility
 B - 4 potions of curing
 C - a potion of lignification
 H - a potion of cure mutation
 P - a potion of haste
 Q - a potion of cancellation
 S - a potion of resistance
 W - a potion of might
Books
 b - a book of Conjurations

   Spells                             Type                      Level
   a - Magic Dart                     Conjuration                  1
   b - Searing Ray                    Conjuration                  2
   c - Dazzling Spray                 Conjuration/Hexes            3
   d - Fulminant Prism                Conjuration/Hexes            4
   e - Iskenderun's Mystic Blast      Conjuration                  4
   f - Iskenderun's Battlesphere      Conjuration/Charms           5
 F - a book of Callings

   Spells                             Type                      Level
   a - Summon Small Mammal            Summoning                    1
   b - Call Imp                       Summoning                    2
   c - Call Canine Familiar           Summoning                    3
   d - Summon Guardian Golem          Hexes/Summoning              3
   e - Summon Lightning Spire         Summoning/Air                4
   f - Summon Ice Beast               Ice/Summoning                4
 T - a Necronomicon

   Spells                             Type                      Level
   a - Haunt                          Necromancy/Summoning         7
   b - Borgnjor's Revivification      Necromancy                   8
   c - Death's Door                   Charms/Necromancy            8
   d - Infestation                    Necromancy                   8
   e - Necromutation                  Transmutation/Necromancy     8
Miscellaneous
 y - a phantom mirror
Comestibles
 c - 3 bread rations
 j - 7 meat rations
 m - 9 slices of pizza
 p - a royal jelly
 s - 26 fruits
 x - 6 beef jerkies
 X - 2 chunks of flesh


   Skills:
 - Level 4.5 Fighting
 - Level 4.7 Dodging
 - Level 2.4 Stealth
 + Level 14.6 Spellcasting
 * Level 14.8 Conjurations
 - Level 7.0 Charms
 - Level 11.0 Fire Magic


You had 25 spell levels left.
You knew the following spells:

 Your Spells              Type           Power        Failure   Level  Hunger
a - Magic Dart            Conj           ####         0%          1    None
b - Searing Ray           Conj           ######       0%          2    None
c - Iskenderun's Mystic   Conj           #######.     1%          4    None
d - Iskenderun's Battles  Conj/Chrm      ######..     1%          5    #......
e - Ignite Poison         Fire/Tmut/Pois #####...     1%          3    None


Dungeon Overview and Level Annotations

Branches:
Dungeon (14/15)            Temple (1/1) D:6            Lair (6/6) D:10
  Swamp (0/4) Lair:3       Spider (0/4) Lair:3        Slime (0/5) Lair:5
    Orc (2/2) D:10         Vaults (0/5) D:13
    Elf: Orc:2

Altars:
Ashenzari
Cheibriados
Dithmenos
Elyvilon
Fedhas
Gozag
Hepliaklqana
Kikubaaqudgha
Makhleb
Nemelex Xobeh
Okawaru
Qazlal
Ru
Sif Muna
Trog
Uskayaw
Vehumet
Xom
Yredelemnul
Zin
The Shining One

Shops:
D:4 !   D:12 (

Annotations:
D:2 Natasha
D:13 Rupert, Urug


Innate Abilities, Weirdness & Mutations

You possess an exceptional clarity of mind.


Message History

Found 11 gold pieces.
You now have 466 gold pieces (gained 22).
You now have 477 gold pieces (gained 11).
You now have 495 gold pieces (gained 18).
Found 24 gold pieces.
A stone giant comes into view.
The stone giant throws a large rock.
The large rock hits you!!
Things that are here:
a large rock; 28 gold pieces
Casting: Magic Dart
Confirm with . or Enter, or press ? or * to list all spells.
Aiming: Iskenderun's Mystic Blast
Press: ? - help, Shift-Dir - straight line, f - stone giant
Aim: a stone giant The orb of energy hits the stone giant.
The stone giant is lightly wounded.
Your battlesphere wavers and loses cohesion.
The stone giant throws a large rock.
The large rock hits you!!!
Ouch! That really hurt!
You die...

..$..............
......$..>....$.##
...........#.....##
#............C....#
.............(##
.........$$....# ###
..##...........###.##
#####..........ยง#...#
# ###.........@...#
###.>..........#
#.#..##..#....##
#.....##...#...#
#.#.###....#..##
##...#.........#
#............##
##.##.#.###.## #
#....#...#


You could see a stone giant.

Vanquished Creatures
  2 hydras
  Erolcha (D:10)
  A catoblepas (Lair:4)
  2 centaur warriors
  A death yak (Lair:6)
  An orc high priest (Orc:1)
  4 hill giants
  A griffon (D:10)
  An orc sorcerer (Orc:1)
  Joseph (D:10)
  A rime drake (Lair:2)
  7 spiny frogs
  3 komodo dragons
  An efreet (D:13)
  A troll (D:11)
  Grinder (D:6)
  2 dream sheep (D:9)
  5 blink frogs (Lair:2)
  A wraith (D:10)
  2 vampires
  9 hippogriffs
  A wyvern (D:10)
  10 yaks
  2 basilisks (D:10)
  A hungry ghost (D:8)
  Grum (D:10)
  A warg (Orc:1)
  3 water moccasins
  5 porcupines
  A swamp drake (D:10)
  9 orc warriors
  An ice beast (D:11)
  A sky beast (D:9)
  A black bear (D:9)
  A necrophage (D:9)
  8 ogres
  3 wolves
  5 centaurs
  4 big kobolds
  11 crocodiles
  12 giant frogs
  A scorpion (D:11)
  5 killer bees (D:10)
  7 wights
  5 howler monkeys
  5 crimson imps
  A giant frog zombie (D:6)
  A centaur zombie (D:10)
  4 hounds
  15 jellies
  A giant frog skeleton (D:8)
  8 orc priests
  13 orc wizards
  2 centaur skeletons
  17 iguanas
  9 worker ants
  Natasha (D:2)
  A hound skeleton (D:6)
  A howler monkey zombie (D:10)
  3 adders
  52 river rats
  2 shadow imps
  2 oozes
  An adder zombie (D:8)
  A dart slug (D:2)
  4 giant geckos
  42 orcs
  4 giant cockroaches
  7 goblins
  3 hobgoblins
  12 jackals
  4 quokkas
  6 giant newts
  8 kobolds
  9 rats
386 creatures vanquished.

Vanquished Creatures (collateral kills)
  An orc wizard (D:6)
  2 orcs (D:6)
3 creatures vanquished.

Vanquished Creatures (others)
  The ghost of TheGoonsmith the Conjurer, a novice TeAE (D:5)
1 creature vanquished.

Grand Total: 390 creatures vanquished

Notes
Turn   | Place    | Note
-------+----------+-------------------------------------------
     0 | D:1      | PurpleRed the Deep Elf Conjurer began the quest for the Orb.
     0 | D:1      | Reached XP level 1. HP: 10/10 MP: 6/6
    64 | D:1      | Reached XP level 2. HP: 11/15 MP: 0/8
    68 | D:1      | Learned a level 2 spell: Searing Ray
   139 | D:2      | Reached skill level 5 in Conjurations
   304 | D:1      | Reached XP level 3. HP: 12/19 MP: 3/10
   355 | D:2      | Noticed Natasha
   360 | D:2      | Killed Natasha
   506 | D:3      | Reached XP level 4. HP: 11/24 MP: 8/12
   590 | D:2      | Noticed Natasha
   647 | D:3      | Learned a level 4 spell: Iskenderun's Mystic Blast
   655 | D:4      | Found Bup Yton's Distillery.
   719 | D:4      | Reached XP level 5. HP: 28/28 MP: 5/13
   726 | D:4      | Learned a level 5 spell: Iskenderun's Battlesphere
   731 | D:4      | Bought a potion of curing for 33 gold pieces
   731 | D:4      | Bought a potion of brilliance for 44 gold pieces
   781 | D:4      | Reached skill level 1 in Charms
   806 | D:4      | Reached skill level 5 in Spellcasting
   838 | D:4      | Reached XP level 6. HP: 20/32 MP: 2/15
  1064 | D:5      | Entered Level 5 of the Dungeon
  1171 | D:5      | Reached XP level 7. HP: 16/36 MP: 4/17
  1179 | D:5      | Noticed TheGoonsmith's ghost (novice TeAE)
  1191 | D:5      | Killed TheGoonsmith's ghost
  1334 | D:6      | Found a staircase to the Ecumenical Temple.
  1344 | D:6      | Reached skill level 5 in Charms
  1408 | Temple   | Entered the Ecumenical Temple
  1449 | Temple   | Became a worshipper of Vehumet
  1535 | D:6      | Reached XP level 8. HP: 16/41 MP: 16/20
  1641 | D:7      | Got a distressingly furry cloak
  1647 | D:7      | Identified the +0 cloak of Goodbye, My Love {Str+6 Dex+3 Stlth+} (You found it on level 7 of the Dungeon)
  1970 | D:8      | Reached skill level 10 in Conjurations
  2002 | D:8      | Reached * piety under Vehumet
  2002 | D:8      | Offered knowledge of Freeze by Vehumet.
  2130 | D:10     | Entered Level 10 of the Dungeon
  2130 | D:10     | Noticed Joseph
  2158 | D:9      | Reached XP level 9. HP: 46/46 MP: 7/23
  2208 | D:9      | Reached skill level 1 in Fighting
  2543 | D:9      | Noticed a two-headed hydra
  2551 | D:9      | Killed a two-headed hydra
  2551 | D:9      | Reached skill level 10 in Spellcasting
  2551 | D:9      | Reached XP level 10. HP: 47/56 MP: 4/26
  2623 | D:10     | Noticed a centaur warrior
  2627 | D:10     | Killed a centaur warrior
  2660 | D:10     | Reached ** piety under Vehumet
  2663 | D:10     | Noticed Erolcha
  2675 | D:10     | Offered knowledge of Shock by Vehumet.
  2964 | D:10     | Found a staircase to the Lair.
  2972 | D:10     | Noticed a hill giant
  3002 | D:10     | Noticed Grum
  3124 | D:10     | Killed a hill giant
  3136 | D:10     | Offered knowledge of Mephitic Cloud by Vehumet.
  3214 | D:10     | Killed Grum
  3305 | D:10     | Killed Erolcha
  3305 | D:10     | Reached *** piety under Vehumet
  3366 | D:10     | Noticed a hill giant
  3370 | D:10     | Reached XP level 11. HP: 62/62 MP: 13/28
  3394 | D:10     | Killed a hill giant
  3478 | D:10     | Noticed a griffon
  3483 | D:10     | Killed a griffon
  3511 | D:10     | Killed Joseph
  3547 | D:11     | Offered knowledge of Ignite Poison by Vehumet.
  3552 | D:11     | Learned a level 3 spell: Ignite Poison
  3667 | D:11     | Reached skill level 1 in Fire Magic
  3694 | D:11     | Noticed a hill giant
  3707 | D:11     | Killed a hill giant
  3884 | D:13     | Found a gate to the Vaults.
  3884 | D:13     | Noticed Rupert
  3884 | D:13     | Noticed Urug
  3884 | D:13     | Noticed a centaur warrior
  3896 | D:12     | Found Raek's Weapon Shop.
  3967 | D:12     | You fall through a shaft for 2 floors!
  3967 | D:14     | Noticed a deep elf mage
  3968 | D:14     | Noticed a deep elf mage
  3969 | D:14     | Noticed a deep elf mage
  4004 | D:13     | Noticed a centaur warrior
  4029 | D:13     | Reached **** piety under Vehumet
  4029 | D:13     | Reached skill level 5 in Fire Magic
  4031 | D:13     | Noticed a centaur warrior
  4035 | D:13     | Killed a centaur warrior
  4124 | D:11     | Offered knowledge of Inner Flame by Vehumet.
  4194 | D:10     | Noticed a hill giant
  4199 | D:10     | Killed a hill giant
  4340 | D:10     | Found a staircase to the Orcish Mines.
  4500 | D:6      | Noticed Grinder
  4512 | D:6      | Killed Grinder
  4628 | D:4      | Bought a potion of beneficial mutation for 385 gold pieces
  4628 | D:4      | Bought a potion of curing for 33 gold pieces
  4833 | D:10     | Gained mutation: You possess an exceptional clarity of mind. [potion of beneficial mutation]
  4844 | Lair:1   | Entered Level 1 of the Lair of Beasts
  4917 | Lair:1   | Reached XP level 12. HP: 36/67 MP: 28/31
  4959 | Lair:2   | Reached ***** piety under Vehumet
  4964 | Lair:2   | Offered knowledge of Airstrike by Vehumet.
  5100 | Lair:4   | Got a shadowed robe
  5101 | Lair:4   | Identified the +4 robe of Foakent {rElec Regen+ Int-5 SInv} (You found it on level 4 of the Lair of Beasts)
  5129 | Lair:5   | Found a staircase to the Slime Pits.
  5246 | Lair:6   | Entered Level 6 of the Lair of Beasts
  5246 | Lair:6   | Noticed a death yak
  5246 | Lair:6   | Noticed a death yak
  5246 | Lair:6   | Noticed an eight-headed hydra
  5252 | Lair:6   | Killed an eight-headed hydra
  5276 | Lair:6   | Killed a death yak
  5286 | Lair:6   | Noticed a death yak
  5287 | Lair:6   | Noticed a death yak
  5406 | Lair:4   | Reached skill level 10 in Fire Magic
  5442 | Lair:4   | Noticed a catoblepas
  5456 | Lair:4   | Killed a catoblepas
  6371 | Orc:1    | Entered Level 1 of the Orcish Mines
  6403 | Orc:1    | Found a deep blue altar of Sif Muna.
  6491 | Orc:2    | Entered Level 2 of the Orcish Mines
  6506 | Orc:1    | Noticed an orc high priest
  6531 | Orc:1    | Killed an orc high priest
  6625 | Orc:1    | Noticed a stone giant
  6632 | Orc:1    | Hit by a large rock thrown by a stone giant

Vault maps used:
D:1:      lightli_arrival_flooded_house, minmay_crystal_water,
          minmay_tiny_reverse_x
D:2:      minmay_tall_x, uniq_natasha
D:3:      first_bread, uniq_terence, uniq_crazy_yiuf_cottage
D:4:      serial_shops, shop
D:5:      black_bear_nest_1
D:6:      lemuel_ice_spiral_2, corexii_corridor_pit, uniq_duvessa, uniq_grinder
D:8:      uniq_gastronok
D:9:      hangedman_ranch
D:10:     hangedman_cross_stitches, minmay_lair_entry_grove, erik_orc_1,
          minmay_lizard_king, uniq_joseph, uniq_grum, uniq_erolcha
D:11:     special_room
D:12:     serial_shops, nicolae_shop_waterfront
D:13:     david_vaults_3
D:14:     cheibrodos_lost_city_excavation, corexii_leaking_fountain,
          st_stairs_10, lemuel_flamethrower_2
Temple:   kilobyte_greek_temple
Lair:1:   hangedman_lair_generics_rect, grunt_megastairs_5, uniq_harold
Lair:2:   beast_lair_carwin_3
Lair:3:   nicolae_swamp_entry_splash_gauntlet,
          nicolae_spider_entry_tight_spaces, grunt_megastairs_3
Lair:4:   lemuel_fruit_fields
Lair:5:   minmay_slime_entry_jelly_boxes, serial_bayou_crossing,
          lemuel_fruit_tree, infiniplex_staircase_pool_2
Lair:6:   minmay_lair_end_frog_pond, basic_altar, st_stairs_9,
          serial_bayou_shore_b
Orc:1:    serial_shops, nicolae_shop_behind_doors, led_sif_book
Orc:2:    st_orc_open, serial_shops, nicolae_shop_overgrown_old_shop, shop,
          shop_fountains, nicolae_shop_crystal, shop, basic_altar,
          uniq_saint_roka

Skill      XL: |  1  2  3  4  5  6  7  8  9 10 11 12 |
---------------+-------------------------------------+-----
Conjurations   | 5 6 7 8 10 12 13 14 | 14.8
Spellcasting   | 4 5 6 8 10 11 13 14 | 14.6
Charms         | 2 3 5 7 |  7.0
Fighting       | 3 4 |  4.5
Dodging        | 3 4 |  4.7
Fire Magic     | 7 11 | 11.0
Stealth        | |  2.4

Action                   |  1- 3 |  4- 6 |  7- 9 | 10-12 || total
-------------------------+-------+-------+-------+-------++-------
Melee: Club              |    16 |       |       |       ||    16
       Quarterstaff      |       |     4 |    18 |       ||    22
       Dagger            |       |       |    13 |       ||    13
       Falchion          |       |       |       |    38 ||    38
       Staff             |       |       |       |    10 ||    10
Throw: Javelin           |       |       |     5 |     1 ||     6
 Cast: Magic Dart        |    44 |    22 |    84 |   374 ||   524
       Searing Ray       |     2 |    14 |    13 |    41 ||    70
       Iskenderun's Batt |       |       |    14 |    77 ||    91
       Iskenderun's Myst |       |       |       |    44 ||    44
Evoke: Wand              |       |       |     7 |     2 ||     9
  Use: Scroll            |       |    12 |     5 |    16 ||    33
       Potion            |       |     1 |     3 |     5 ||     9
 Stab: Sleeping          |       |       |     1 |     1 ||     2
       Distracted        |       |       |       |     1 ||     1
  Eat: Chunk             |       |     1 |     5 |    17 ||    23
       Royal jelly       |       |       |     1 |     1 ||     2
Armor: Robe              |     7 |     3 |    18 |    40 ||    68
       Troll hide        |       |       |       |     1 ||     1
Dodge: Dodged            |    23 |    18 |    33 |   139 ||   213
